 Dungeon Crawl Stone Soup version 0.26-a0-651-gb41185065b (webtiles) character file.

Game seed: 7137316400711988569

279 Lanoc the Chiller (level 6, -6/53 HPs)
             Began as a Troll Ice Elementalist on Oct 4, 2020.
             Mangled by Menkaure (11 damage)
             ... on level 4 of the Dungeon.
             The game lasted 00:04:33 (2272 turns).

Lanoc the Chiller (Troll Ice Elementalist)          Turns: 2272, Time: 00:04:34

Health: -6/53      AC:  6    Str: 17    XL:     6   Next: 5%
Magic:  3/6        EV: 11    Int: 11    God:
Gold:   193        SH:  0    Dex: 12    Spells: 3/7 levels left

rFire    . . .     SeeInvis .   (no weapon)
rCold    . . .     Faith    .   (no shield)
rNeg     . . .     Spirit   .   a - +0 robe
rPois    .         Reflect  .   (helmet restricted)
rElec    .         Harm     .   (no cloak)
rCorr    .         Rampage  .   (gloves unavailable)
MR       .....                  (boots unavailable)
Stlth    ++........             (no amulet)
HPRegen  0.57/turn              g - ring of wizardry
MPRegen  0.10/turn              (no ring)

@: mighty
A: large, unfitting armour, claws 3, regeneration 1, shaggy fur 1, tough skin 3
a: no special abilities


You were on level 4 of the Dungeon.
You visited 1 branch of the dungeon, and saw 4 of its levels.
You also visited: Sewer.

You collected 193 gold pieces.

Inventory:

Armour
 a - a +0 robe (worn)
Jewellery
 g - a ring of wizardry (left claw)
Scrolls
 e - 5 scrolls of teleportation
 h - a scroll of fog {unknown}
 k - a scroll of enchant weapon {unknown}
Potions
 b - a potion of curing {unknown}
 c - a potion of might
 d - 2 potions of brilliance {unknown}
 f - 5 potions of flight
 i - 2 potions of invisibility {unknown}
 j - a potion of degeneration {unknown}
 l - a potion of mutation {unknown}
 m - a potion of haste {unknown}


   Skills:
 + Level 3.2 Dodging
 - Level 1.0 Stealth
 - Level 1.2 Spellcasting
 * Level 4.8 Ice Magic


You had 3 spell levels left.
You knew the following spells:

 Your Spells              Type           Power        Failure   Level
a - Freeze                Ice            ##..         1%          1
b - Frozen Ramparts       Ice            ##....       5%          3

Your spell library contained the following spells:

 Spells                   Type           Power        Failure   Level
 Ozocubu's Armour         Ice            ##......     5%          3
 Magic Dart               Conj           #...         13%         1
 Blink                    Tloc           N/A          19%         2
 Call Imp                 Summ           #.......     19%         2
 Slow                     Hex            #.......     19%         2
 Conjure Flame            Conj/Fire      #.......     34%         3
 Mephitic Cloud           Conj/Pois/Air  #.......     34%         3
 Hailstorm                Conj/Ice       #.......     41%         4
 Summon Ice Beast         Ice/Summ       #.......     41%         4


Dungeon Overview and Level Annotations

Branches:
Dungeon (4/15)              Sewer (visited)
 Temple: D:4-7

Altars:
Sif Muna

Annotations:
D:4 Menkaure


Innate Abilities, Weirdness & Mutations

You are too large for most types of armour.
You have claws for hands.
Your natural rate of healing is unusually fast.
You are covered in fur. (AC +1)
You have extremely tough skin. (AC +3)


Message History

Your body is wracked with pain!
Menkaure resists.
The wall freezes Menkaure.
Menkaure calls on the powers of darkness!
Your body is wracked with pain!
* * * LOW HITPOINT WARNING * * *
You are too injured to fight recklessly!
You scratch Menkaure but do no damage.
Menkaure is lightly damaged.
You closely miss Menkaure.
Menkaure is lightly damaged.
Menkaure resists.
The wall freezes Menkaure.
Menkaure hits you.
* * * LOW HITPOINT WARNING * * *
You scratch Menkaure.
Menkaure is moderately damaged.
Menkaure resists.
The wall freezes Menkaure.
Menkaure hits you!
* * * LOW HITPOINT WARNING * * *
It was a potion of might.
You feel very mighty all of a sudden.
The frozen ramparts melt away.
Menkaure hits you!
You die...

#.# #.# ... #.#
### #/#
.....####.#
......M@..#
≈§..####..# §
#..# #..#######
§≈####.........
≈≈.......######
≈.######.# #.#
#.#


You could see Menkaure.

Vanquished Creatures
  An orc priest (D:3)
  An orc wizard (D:3)
  4 gnolls (D:3)
  5 adders
  2 river rats (D:3)
  3 oozes (Sewer)
  7 worms
  A dart slug (D:1)
  2 leopard geckos
  8 orcs (D:3)
  7 giant cockroaches
  6 goblins
  5 hobgoblins
  6 jackals
  3 quokkas (D:3)
  2 ball pythons (Sewer)
  9 bats
  4 frilled lizards
  4 kobolds (D:3)
  9 rats
89 creatures vanquished.

Notes
Turn   | Place    | Note
-------+----------+-------------------------------------------
     0 | D:1      | Lanoc the Troll Ice Elementalist began the quest for the
                  | Orb.
     0 | D:1      | Reached XP level 1. HP: 16/16 MP: 1/1
    25 | D:1      | Reached skill level 3 in Ice Magic
   132 | D:2      | Reached XP level 2. HP: 23/24 MP: 2/2
   167 | D:2      | Found a shimmering blue altar of Sif Muna.
   249 | D:2      | Reached XP level 3. HP: 25/31 MP: 3/3
   561 | D:3      | Learned a level 3 spell: Frozen Ramparts
   721 | D:3      | Reached XP level 4. HP: 6/39 MP: 0/4
   773 | D:3      | Reached skill level 4 in Ice Magic
   788 | D:3      | Found a glowing drain.
   802 | Sewer    | Entered a sewer
  1353 | Sewer    | Reached XP level 5. HP: 27/45 MP: 1/5
  1981 | D:3      | Reached XP level 6. HP: 37/53 MP: 1/6
  2265 | D:4      | Noticed Menkaure
  2272 | D:4      | Mangled by Menkaure

Illustrated notes

Levels and vault maps discovered:
D:1:      ncdulo_wetmaze, layout_loops_ring, palyth_stone_intersect
D:2:      layout_basic, overflow_temple_1_default,
          chequers_ecumenical_altar_island
D:3:      layout_basic, gup_sewer_entry_bubbles
D:4:      layout_loops_ring, minmay_temple_entry_mist, sigmund_army,
          uniq_menkaure

Skill      XL: |  1  2  3  4  5 |
---------------+----------------+-----
Ice Magic      | 3 4 |  4.8
Dodging        | 2 3 |  3.2
Stealth        | |  1.0
Spellcasting   | |  1.2

Action                   |  1- 3 |  4- 6 || total
-------------------------+-------+-------++-------
Melee: Unarmed           |    99 |   164 ||   263
 Cast: Freeze            |     3 |       ||     3
       Frozen Ramparts   |     1 |    15 ||    16
  Use: Scroll            |     1 |       ||     1
       Potion            |       |     2 ||     2
 Stab: Sleeping          |     4 |     2 ||     6
Armor: Robe              |    42 |    79 ||   121
Dodge: Dodged            |    51 |   108 ||   159

Table legend: (Time is in decaauts)
 A = Elapsed time spent in this place.
 B = Non-inter-level travel time spent in this place.
 C = Inter-level travel time spent in this place.
 D = Time resting spent in this place.
 E = Time spent auto-exploring this place.
 F = Levels seen in this place.
 G = Mean time per level.
                   A        B        C        D        E       F      G
               +--------+--------+--------+--------+--------+-----+--------+
         Total |   2452 |   2383 |     69 |     42 |   1486 |   5 |  490.4 |
       Dungeon |   1584 |   1515 |     69 |      0 |    912 |   4 |  396.0 |
         Sewer |    867 |    867 |      0 |     42 |    573 |   1 |  867.0 |
               +--------+--------+--------+--------+--------+-----+--------+

Top non-repeatable levels by time:
     D:3: 1011 daAuts
   Sewer: 867 daAuts
     D:2: 349 daAuts
     D:1: 114 daAuts
     D:4: 108 daAuts
